 Dungeon Crawl Stone Soup version 0.25.0-3-gd7cc5688da (webtiles) character file.

Game seed: 7265937895820533733

276 tilp the Cudgeler (level 5, -3/41 HPs)
             Began as a Demigod Warper on June 15, 2020.
             Killed from afar by Blork the orc (9 damage)
             ... with a puff of frost
             ... on level 4 of the Dungeon.
             The game lasted 00:08:35 (4732 turns).

tilp the Cudgeler (Demigod Warper)                  Turns: 4732, Time: 00:08:35

Health: -3/41      AC:  3    Str: 14    XL:     5   Next: 73%
Magic:  10/12      EV: 12    Int: 19    God:
Gold:   214        SH:  0    Dex: 15    Spells: 6/10 levels left

rFire    . . .     SeeInvis .   b - +1 hand axe (venom)
rCold    . . .     Gourm    .   (no shield)
rNeg     . . .     Faith    .   s - +0 leather armour
rPois    .         Spirit   .   (no helmet)
rElec    .         Reflect  .   (no cloak)
rCorr    .         Harm     .   (no gloves)
MR       .....                  (no boots)
Stlth    +.........             (no amulet)
HPRegen  0.13/turn              (no ring)
MPRegen  0.13/turn              (no ring)

@: no status effects
A: high mp 1
a: no special abilities


You were on level 4 of the Dungeon.
You were not hungry.

You visited 1 branch of the dungeon, and saw 4 of its levels.

You collected 214 gold pieces.

Inventory:

Hand Weapons
 a - a +0 mace
 b - a +1 hand axe of venom (weapon)
Missiles
 f - 120 stones (quivered)
 l - 17 poisoned darts
 u - 6 javelins
Armour
 e - a +0 chain mail
 n - a +0 scale mail
 s - a +0 leather armour (worn)
Jewellery
 j - an uncursed ring of protection from cold {unknown}
 k - a +4 ring of protection {unknown}
 y - a cursed ring of attention {unknown}
Scrolls
 d - a scroll of blinking
 g - a scroll of fear {unknown}
 h - 3 scrolls of teleportation
 m - a scroll of magic mapping
 p - a scroll of enchant weapon {unknown}
 q - 2 scrolls of fog {unknown}
 v - 2 scrolls of amnesia {unknown}
 A - a scroll of identify
Potions
 i - 2 potions of curing
 o - a potion of haste
 r - a potion of cancellation
 t - 3 potions of lignification
 w - a potion of degeneration {unknown}
 z - a potion of brilliance {unknown}
Comestibles
 c - 6 rations


   Skills:
 - Level 2.0 Fighting
 - Level 4.0 Maces & Flails
 - Level 0.8 Throwing
 - Level 0.8 Armour
 - Level 2.0 Dodging
 - Level 3.0 Spellcasting
 + Level 4.0 Translocations


You had 6 spell levels left.
You knew the following spells:

 Your Spells              Type           Power        Failure   Level  Hunger
a - Blink                 Tloc           N/A          5%          2    ##.....
b - Shroud of Golubria    Chrm/Tloc      ##....       12%         2    ##.....

Your spell library contained the following spells:

 Spells                   Type           Power        Failure   Level  Hunger
 Gell's Gravitas          Tloc           ###.......   11%         3    ###....
 Lesser Beckoning         Tloc           ###.......   11%         3    ###....
 Teleport Other           Tloc           ###.....     11%         3    ###....
 Passage of Golubria      Tloc           N/A          34%         4    ####...


Dungeon Overview and Level Annotations

Branches:
Dungeon (4/15)
 Temple: D:4-7

Shops:
D:4 *

Annotations:
D:2 Terence
D:4 Blork the orc, Grinder


Innate Abilities, Weirdness & Mutations

You have an increased reservoir of magic. (+10% MP)


Message History

Blork the orc is heavily wounded.
Blork the orc hits you but does no damage.
You barely miss Blork the orc.
Blork the orc is heavily wounded.
Blork the orc closely misses you.
You closely miss Blork the orc.
Blork the orc is heavily wounded.
Blork the orc hits you with a +3 trident of protection.
Casting: Blink (safe; 5% risk of failure)
Confirm with . or Enter, or press ? or * to list all spells.
You blink.
Blork the orc mumbles some strange words.
Blork the orc seems to speed up.
Blork the orc hits you from afar with a +3 trident of protection.
Blork the orc gestures at you while chanting.
The puff of frost hits you!
* * * LOW HITPOINT WARNING * * *
Blork the orc gestures at you while chanting.
The puff of frost hits you!
You die...

.... ..
#.##.#......#
.#.#
#.##....########
.# # .##.####
#.# #.# ######
#.# #<.o.#
####.# ### #.#
#.. #@# #.#
#.............
#.#
#######.######
#.# ... .# #.#
#.... .# #.#
..... ## #.#
#... #.# ###.#
#.# ....#### #.#


You could see Blork the orc (fast, very poisoned).

Vanquished Creatures
  An orc wizard (D:2)
  Jessica (D:3)
  Natasha (thrice) (D:4)
  A worker ant (D:4)
  4 adders
  An ooze (D:4)
  A worm (D:2)
  4 dart slugs
  6 leopard geckos
  5 orcs (D:3)
  6 giant cockroaches
  8 goblins
  8 hobgoblins
  A jackal (D:2)
  4 kobolds
  4 bats
  4 frilled lizards
  7 rats
69 creatures vanquished.

Notes
Turn   | Place    | Note
-------+----------+-------------------------------------------
     0 | D:1      | tilp the Demigod Warper began the quest for the Orb.
     0 | D:1      | Reached XP level 1. HP: 17/17 MP: 5/5
   358 | D:1      | Reached XP level 2. HP: 11/24 MP: 7/7
   897 | D:1      | Learned a level 2 spell: Blink
   900 | D:1      | Learned a level 2 spell: Shroud of Golubria
  1359 | D:2      | Reached XP level 3. HP: 16/29 MP: 8/8
  1958 | D:2      | Noticed Terence
  2112 | D:2      | Found a burning altar of Makhleb.
  2233 | D:2      | Found a sacrificial altar of Ru.
  2244 | D:2      | Reached XP level 4. HP: 30/36 MP: 9/9
  2705 | D:3      | Noticed Jessica
  2787 | D:3      | Killed Jessica
  2938 | D:3      | Noticed a phantom
  3692 | D:4      | Found Fadodies's Fabulous Fripperies.
  3845 | D:4      | Reached XP level 5. HP: 38/41 MP: 11/11
  3907 | D:4      | Noticed Natasha
  3927 | D:4      | Killed Natasha
  4179 | D:4      | Noticed Natasha
  4308 | D:4      | Killed Natasha
  4563 | D:4      | Noticed Natasha
  4569 | D:4      | Killed Natasha
  4608 | D:4      | Noticed Grinder
  4720 | D:4      | Noticed Blork the orc
  4732 | D:4      | Killed from afar by Blork the orc

Illustrated notes

Levels and vault maps discovered:
D:1:      minmay_arrival_shattered_statue, layout_basic, item_on_display_a
D:2:      layout_rooms, lemuel_coloured_pillars_altar,
          chequers_serial_rivers_small_a, nicolae_ru_great_annihilating_truth,
          uniq_terence
D:3:      layout_loops_ring, uniq_jessica
D:4:      layout_basic, nicolae_alphabet_shops, uniq_natasha, uniq_grinder,
          uniq_blork_the_orc

Skill      XL: |  1  2  3  4  5 |
---------------+----------------+-----
Fighting       | 2 |  2.0
Dodging        | 2 |  2.0
Spellcasting   | 2 3 |  3.0
Maces & Flails | 2 3 4 |  4.0
Translocations | 3 4 |  4.0
Throwing       | |  0.8
Armour         | |  0.8

Action                   |  1- 3 |  4- 6 || total
-------------------------+-------+-------++-------
Melee: Mace              |    97 |    13 ||   110
       Hand axe          |       |   113 ||   113
Throw: Stone             |    12 |       ||    12
       Boomerang         |     5 |       ||     5
 Cast: Shroud of Golubri |     2 |       ||     2
       Blink             |       |     5 ||     5
  Use: Scroll            |     1 |     8 ||     9
       Potion            |       |     1 ||     1
 Stab: Sleeping          |     1 |     2 ||     3
  Eat: Chunk             |     3 |     6 ||     9
       Ration            |       |     1 ||     1
Armor: Leather armour    |    28 |    21 ||    49
Dodge: Dodged            |    53 |    90 ||   143
